[Event "Frauenbundesliga 2021-22"]
[Site "Germany"]
[Date "2022.05.25"]
[Round "9.6"]
[White "Atalik, Ekaterina"]
[Black "Obolentseva, Alexandra"]
[Result "1-0"]
[ECO "E61"]
[WhiteElo "2414"]
[BlackElo "2305"]
[Annotator "TA"]
[PlyCount "49"]
[EventDate "2021.11.26"]
[EventType "team-tourn"]
[EventCountry "GER"]
[SourceTitle "playchess.com"]
[Source "ChessBase"]
[SourceQuality "1"]
[WhiteTeam "Schwaebisch Hall"]
[BlackTeam "Bad Koenigshofen"]
[WhiteTeamCountry "TUR"]
[BlackTeamCountry "RUS"]
[TimeControl "40/5400+30:1800+30"]

1. d4 {[%emt 0:00:03] ChessBase II} Nf6 2. c4 g6 3. Nf3 Bg7 4. Nc3 d6 5. Bf4 O-O 6. e3 Nh5 7. Bg5 h6 8. Bh4 g5 {[%emt 0:01:00] [#]} 9. Nd2 $1 Nf6 {[%emt 0:02:29] E61: King's Indian: Early deviations for White, including Smyslov System.} 10. Bg3 Bf5 11. h4 {[%emt 0:02:50] [#]} Bg6 $146 (11... g4 $14) ({Predecessor:} 11... e6 12. hxg5 hxg5 13. Nf3 Nh7 14. Qb3 b6 15. O-O-O Nc6 16. Qa4 Ne7 17. e4 Bg6 {1-0 (38) Khismatullin,D (2662)-Nevednichy,V (2534) Aix les Bains 2011 CBM 142 Extra [ChessBase II]}) 12. hxg5 $18 hxg5 {[%emt 0:00:07] [#]} 13. Nf3 $1 Nh7 14. Bd3 f5 {[%emt 0:05:03] [#]} (14... Bxd3 $142 15. Qxd3 f5) 15. Rxh7 $1 Bxh7 (15... Kxh7 16. Nxg5+) 16. Nxg5 {[%emt 0:00:21] Threatens to win with Qh5.} Rf6 (16... Bg6 $142 17. c5 (17. Ne6 Qd7 $16) 17... e5 18. Bc4+ Kh8) 17. Nxh7 ({Not} 17. Qh5 Bg6 18. Qh4 c6 $14) 17... Kxh7 18. Qh5+ Kg8 19. Bxf5 {[%emt 0:02:38] Black must now prevent Ne4.} Rh6 (19... Nd7 $142 20. Bh7+ Kf8) 20. Qg4 {[%emt 0:04:46] And now Bf4 would win. White is clearly winning.} Qe8 (20... Rh1+ $2 21. Ke2 Rh6 22. Bf4) 21. Bf4 Rh8 (21... Rh1+ $2 22. Ke2 Qh5 23. Rxh1 Qxh1 24. Nd5) (21... Qh5 $142) 22. Nd5 (22. Be6+ $142 Kf8 23. Bg5) 22... Kf8 23. Nxc7 {[%emt 0:01:54] White threatens Ne6+ and mate.} Qf7 24. Be6 (24. Bg6 $142 Na6 25. Ne6+ Kg8 26. Bxf7+ Kxf7 27. Nxg7) 24... Qf6 25. Bg5 {[%emt 0:01:54] Black did not feel at home in the position after the opening.  Weighted Error Value: White=0.37/Black=0.61} 1-0

[Event "Frauenbundesliga 2021-22"]
[Site "Germany"]
[Date "2022.05.25"]
[Round "9.7"]
[White "Unuk, Laura"]
[Black "Socko, Monika"]
[Result "0-1"]
[ECO "A10"]
[WhiteElo "2338"]
[BlackElo "2384"]
[Annotator "TA"]
[PlyCount "104"]
[EventDate "2021.11.26"]
[EventType "team-tourn"]
[EventCountry "GER"]
[SourceTitle "playchess.com"]
[Source "ChessBase"]
[SourceQuality "1"]
[WhiteTeam "TuRa Harksheide"]
[BlackTeam "Hamburger SK"]
[WhiteTeamCountry "SLO"]
[BlackTeamCountry "POL"]
[TimeControl "40/5400+30:1800+30"]

1. c4 e6 2. Nc3 b6 3. e4 Bb7 4. a3 c5 5. g3 Nc6 6. Bg2 {[%emt 0:01:43] A10: English Opening: Unusual Replies for Black.} g6 7. d3 Bg7 {[%emt 0:01:13] [#]} 8. Nf3 $146 {[%emt 0:10:17] The position is equal.} ({Predecessor:} 8. Nge2 d6 9. Be3 Nd4 10. Qa4+ Bc6 11. Bxd4 Bxa4 12. Bxg7 Bc6 13. Bxh8 f6 14. h4 {0-1 (42) Hillarp Persson,T (2543)-Gopal,G (2548) Dresden 2008}) 8... Nge7 9. Bg5 h6 10. Bf4 e5 (10... g5 $15 11. Be3 O-O) 11. Be3 Nd4 12. h4 O-O 13. h5 g5 14. Nd5 f5 15. Bxd4 exd4 16. Nd2 Nxd5 17. exd5 ({White should try} 17. cxd5 $15 Ba6 18. Qb3) 17... Re8+ $17 18. Kf1 g4 {[%emt 0:00:17] Prevents Qf3.} 19. b4 d6 20. Nb3 cxb4 21. axb4 a5 22. b5 (22. bxa5 $142 bxa5 23. Nc1) 22... Qg5 (22... a4 23. Nc1 $15) 23. Qd2 {[%emt 0:04:40] Inhibits f4.} a4 24. Qxg5 hxg5 25. Nc1 a3 {[%emt 0:08:03] Black is much more active. The white rooks are badly placed.} 26. Ra2 Ra4 27. Ne2 $2 (27. Nb3 $15) 27... Rb4 $19 {[%emt 0:00:56] ( -> ...Rb1+)} 28. Ke1 {[%emt 0:00:03] [#]} f4 $1 (28... Rb2 29. Rxb2 axb2 30. Kd2 $11) 29. Be4 {[%emt 0:01:12] [#]} Rxe4 $1 30. dxe4 {[%emt 0:00:05] Hoping for Kd2.} d3 31. Nc1 Bc3+ 32. Kd1 {[%emt 0:00:03] [#]} Rb2 $2 (32... d2 $2 33. Ne2 Rb1+ 34. Kc2 Rxh1 35. Nxc3 $16) (32... Rb1 $1 $19 {And now ...Bb4 would win.} 33. Rg1 (33. Rxa3 $2 Bb2 $19) 33... Bb4) 33. Rxa3 $11 Rd2+ 34. Ke1 Bb4 35. Ra4 Rb2+ 36. Kd1 d2 37. h6 Ba5 38. h7+ $2 {[%emt 0:00:26][%mdl 8192] White is now going downhill.} (38. Rxa5 $11 {and White is okay.} bxa5 39. Rh5 (39. h7+ $2 Kh8 $19) 39... dxc1=Q+ 40. Kxc1 Rxf2 41. Rxg5+ Kh7 42. Rxg4 fxg3 43. Rxg3 Kxh6 44. Rg8) 38... Kh8 $19 39. Rxa5 bxa5 {[%emt 0:00:16] The board is on fire.} 40. gxf4 gxf4 {[%emt 0:00:21][%mdl 4096] Endgame KRB-KRN} (40... dxc1=Q+ 41. Kxc1 Rb4 42. fxg5 Rxc4+ 43. Kb2 Rxe4 44. g6 Re2+ 45. Ka3 Ra2+ 46. Kxa2 $11) 41. c5 dxc5 ({Worse is} 41... dxc1=B 42. Kxc1 Rxb5 43. cxd6 $17) ({And not} 41... dxc1=N 42. cxd6 Bc8 43. Kxc1 $15) ({Inferior is} 41... dxc1=R+ 42. Kxc1 Rxb5 43. cxd6 $17) 42. d6 $2 (42. Rh4 dxc1=N 43. Kxc1 Rxb5 44. Rxg4) 42... Bc8 {[%emt 0:01:01] Threatens to win with ...g3. Black is clearly winning.} 43. e5 g3 44. fxg3 Bg4+ 45. Ne2 f3 46. Rh2 fxe2+ 47. Rxe2 {[%emt 0:00:04] KRB-KR} Rb1+ 48. Kxd2 Rb2+ 49. Kd3 Bxe2+ 50. Kc3 Rxb5 51. e6 Bg4 52. d7 Rb8 {[%emt 0:00:05] Weighted Error Value: White=0.73/Black=0.14 (very precise)} 0-1

[Event "Frauenbundesliga 2021-22"]
[Site "Germany"]
[Date "2022.05.25"]
[Round "9.8"]
[White "Padmini, Rout"]
[Black "Antolak, Julia"]
[Result "1/2-1/2"]
[ECO "C54"]
[WhiteElo "2348"]
[BlackElo "2371"]
[Annotator "TA"]
[PlyCount "62"]
[EventDate "2021.11.26"]
[EventType "team-tourn"]
[EventCountry "GER"]
[SourceTitle "playchess.com"]
[Source "ChessBase"]
[SourceQuality "1"]
[WhiteTeam "Hamburger SK"]
[BlackTeam "TuRa Harksheide"]
[WhiteTeamCountry "IND"]
[BlackTeamCountry "POL"]
[TimeControl "40/5400+30:1800+30"]

1. e4 e5 2. Nf3 Nc6 3. Bc4 Bc5 4. c3 Nf6 5. d4 exd4 6. e5 d5 7. Bb5 Ne4 8. cxd4 Bb6 9. Nc3 O-O 10. Be3 {[%emt 0:01:22] C54: Giuoco Piano: 4 c3 Nf6, main lines with 5 d4 and 5 d3.} Bg4 11. h3 Bh5 12. Qc2 Bg6 {[%emt 0:02:21] [#] Threatens to win with ...Nxc3. 12...Nxc3 gains popularity.} 13. Qb3 Ne7 14. Rd1 c6 15. Bd3 Nf5 16. O-O Nxe3 17. fxe3 {[%emt 0:00:10] [#]} Nxc3 $146 (17... Ng3 {is interesting.} 18. Rfe1 Bxd3 19. Rxd3 Qc7) ({Predecessor:} 17... Ng3 18. Rf2 Bxd3 19. Rxd3 Ne4 20. Rf1 Ng3 21. Rf2 Ne4 22. Rf1 Ng3 23. Rf2 Ne4 {½-½ (23) Pacher,M (2387)-Bhakti,K (2388) Budapest 2022}) 18. bxc3 Bxd3 19. Rxd3 Kh8 20. Rd2 f6 21. Rdf2 Qe7 22. c4 dxc4 23. Qxc4 Bc7 24. Qb3 Rab8 25. e4 {[%emt 0:17:17] The position is equal.} (25. Nd2 {with more complications.} Bb6 26. exf6 Rxf6 27. Rxf6 gxf6 28. Rf4) 25... fxe5 (25... Bb6 {seems wilder.} 26. Kh1 Rbd8 27. exf6 Rxf6 28. Qe3 Kg8) 26. Nxe5 Rxf2 27. Rxf2 {[%emt 0:00:07] [#] aiming for Rf7.} Bxe5 28. dxe5 Qxe5 29. Qxb7 $1 $11 {[%emt 0:01:46] KQR-KQR} h6 30. Qxa7 Rb1+ 31. Rf1 Qxe4 {[%emt 0:00:43] A balanced but interesting game.  Weighted Error Value: White=0.05 (flawless) /Black=0.05 (flawless)} 1/2-1/2

[Event "Frauenbundesliga 2021-22"]
[Site "Germany"]
[Date "2022.05.25"]
[Round "9.9"]
[White "Radikovic, Anamarija"]
[Black "Gaal, Zsoka"]
[Result "1/2-1/2"]
[ECO "B12"]
[WhiteElo "2133"]
[BlackElo "2323"]
[Annotator "TA"]
[PlyCount "68"]
[EventDate "2021.11.26"]
[EventType "team-tourn"]
[EventCountry "GER"]
[SourceTitle "playchess.com"]
[Source "ChessBase"]
[SourceQuality "1"]
[WhiteTeam "TuRa Harksheide"]
[BlackTeam "Hamburger SK"]
[WhiteTeamCountry "CRO"]
[BlackTeamCountry "HUN"]
[TimeControl "40/5400+30:1800+30"]

1. e4 c6 2. d4 d5 3. e5 Bf5 4. h4 h5 5. c4 e6 6. Nc3 dxc4 7. Bxc4 Nd7 8. Bg5 Be7 {[%emt 0:05:42] B12: Caro-Kann: Advance Variation.} 9. Nf3 Bxg5 10. Nxg5 {[%emt 0:00:08] [#]} Nb6 $146 {[%emt 0:00:39] The position is equal.} ({Predecessor:} 10... Ne7 11. O-O Nb6 12. Be2 Bg6 13. g3 Nf5 14. Nf3 Qe7 15. Qb3 Rd8 16. Rad1 O-O {0-1 (31) Severgin,V (2229)-Kostin,A (2387) Voronezh 2004}) 11. Be2 Bg6 12. Nce4 {[%emt 0:10:00][%cal Bc3e4,Be4g3,Bg3e4,Be4d6][%mdl 32] [#] Strongly threatening Nd6+.} Nc8 {[%emt 0:06:51] Prevents Nd6+.} 13. Ng3 Nce7 $1 14. Bxh5 Qa5+ (14... Bxh5 $11 15. Nxh5 Nf5) 15. Kf1 $16 {[%emt 0:00:20] And now Bxg6 would win.} Qb5+ 16. Be2 Qxb2 17. N5e4 (17. h5 $16 Nf5 18. Rh3 Nxg3+ 19. Rxg3) 17... Bxe4 (17... O-O-O $11 {and Black stays safe.}) 18. Nxe4 $18 Nf5 19. Rb1 Qxd4 (19... Qxa2 {was worth a try.} 20. Rxb7 Kf8) 20. Qxd4 (20. Rxb7 Qxd1+ 21. Bxd1 O-O-O $11) 20... Nxd4 21. Nd6+ Kf8 22. Rxb7 Ne7 23. Rh3 g6 (23... f5 $16) 24. Bd1 (24. g4 $18 {and White stays clearly on top.}) 24... Rd8 25. h5 Nb5 26. Rd3 (26. Nxb5 Rxd1+ 27. Ke2 Rd5 28. Nxa7 Rxe5+ 29. Kf1 Rhxh5 $11) 26... gxh5 27. a4 {[%emt 0:00:17] 0x0.0008421a08c6dp-1022s more active pieces.} Nxd6 28. Rxd6 Re8 {[%emt 0:00:33] [#]} 29. Rdd7 ({Not} 29. Rxa7 Nc8 30. Rc7 Nxd6 31. exd6 Rd8 32. Rxc6 Ra8 $17) ({Better is} 29. a5 $1 $16) 29... a6 30. Bf3 (30. Ra7 $16) 30... Rh7 (30... h4 $11) 31. Rdc7 (31. Ra7 $14 {is more appropriate.}) 31... Ng6 $2 (31... h4 $11 {and Black has nothing to worry.}) 32. Be4 {[%emt 0:00:23] Threatens to win with Bxg6. White is clearly better.} ({Worse is} 32. Rxc6 Nxe5 33. Rxa6 Nxf3 34. gxf3 h4 $11) 32... Rg7 33. Bxg6 ({Don't play} 33. Bxc6 $6 Rd8 $14) (33. Rxc6 $6 Nxe5 34. Rxa6 f5 $14) 33... Rxg6 34. Rxf7+ Kg8 {[%emt 0:00:01] Weighted Error Value: White=0.28 (precise) /Black=0.44} 1/2-1/2

[Event "Frauenbundesliga 2021-22"]
[Site "Germany"]
[Date "2022.05.25"]
[Round "9.10"]
[White "Roebers, Eline"]
[Black "Adamowicz, Katarzyna"]
[Result "1-0"]
[ECO "C30"]
[WhiteElo "2369"]
[BlackElo "2108"]
[Annotator "TA"]
[PlyCount "67"]
[EventDate "2021.11.26"]
[EventType "team-tourn"]
[EventCountry "GER"]
[SourceTitle "playchess.com"]
[Source "ChessBase"]
[SourceQuality "1"]
[WhiteTeam "Hamburger SK"]
[BlackTeam "TuRa Harksheide"]
[WhiteTeamCountry "NED"]
[BlackTeamCountry "POL"]
[TimeControl "40/5400+30:1800+30"]

1. e4 e5 2. Bc4 Nf6 3. d3 Nc6 4. Nc3 Bc5 5. f4 d6 6. Nf3 a6 {[%emt 0:00:57] is recently more successful than 6...Bg4.} 7. a3 (7. fxe5 $11 dxe5 8. Nd5) 7... O-O {[%emt 0:13:11] C30: King's Gambit Declined.} (7... Bg4 $1 $15) 8. f5 $1 $14 Nd4 9. Bg5 {[%emt 0:09:39] Nd5 is the strong threat.} c6 {[%emt 0:00:57] Against Nd5. The position is equal.} 10. Ba2 {[%emt 0:04:02] [#]} Qe7 $146 (10... h6 $15 11. Bh4 Re8) ({Predecessor:} 10... b5 11. Rf1 a5 12. Qd2 Re8 13. g4 g6 14. fxg6 hxg6 15. Nxd4 Bxd4 16. Bxf6 Qd7 17. Qh6 Bxc3+ 18. bxc3 {1-0 (18) Renaudin,J (2315)-Arnault,J (2000) France 1991}) 11. Qd2 b5 12. Ne2 Nxe2 13. Qxe2 a5 14. g4 a4 15. Bh4 {[%emt 0:02:08] Strongly threatening g5.} d5 $1 16. exd5 Qd6 17. Bxf6 (17. Qxe5 $2 Re8 18. Bxf6 Rxe5+ 19. Bxe5 Qh6 $19) ({White should try} 17. Bg3 $1 $14 Nxd5 18. d4 (18. Bxe5 Qd7 $14)) 17... Qxf6 (17... gxf6 $11 18. O-O-O cxd5) 18. O-O-O $16 (18. Qxe5 Qxe5+ 19. Nxe5 Re8 $11) 18... b4 19. axb4 (19. Nxe5 Re8 20. d4 Bxd4 21. Rxd4 Rxe5 $11) 19... a3 $2 20. c3 $2 (20. Nxe5 Bxb4 21. Kb1 (21. dxc6 axb2+ 22. Kb1 Bc3 $19) 21... axb2 $15) (20. Qxe5 axb2+ 21. Kb1 (21. Qxb2 Bxb4 22. Qxf6 gxf6 $14) (21. Kxb2 Qxe5+ 22. Nxe5 Bd4+ 23. c3 Bxe5 $16) 21... Bxb4 $16) (20. bxc5 $18 e4 21. Qxe4 Qxb2+ 22. Kd2 Qxa2 23. d6) 20... axb2+ $11 21. Qxb2 Be3+ (21... e4 $1 $15 {stays ahead.}) 22. Kb1 $1 $16 {[%emt 0:00:25] Hoping for Rhe1.} Bb7 (22... Bf4 $142) 23. Rhe1 Bf4 24. d4 exd4 25. Rxd4 Bc7 {[%emt 0:01:38] [#]} (25... Bb8 $16 26. dxc6 Bxc6) 26. d6 $1 $18 Bxd6 27. Qd2 Bc7 {[%emt 0:04:44][%cal Oc6c5] Threatens to win with ...c5!} 28. Rd7 c5 29. Ng5 ({Weaker is} 29. Rxc7 Bxf3 30. Rxc5 Bxg4 $14) 29... Rxa2 30. Kxa2 {[%emt 0:00:59] Really sharp!} (30. Qxa2 $18 {And now Rxf7 would win.} Qxc3 {[#]} 31. Re8 $3 ) 30... Ra8+ $2 (30... Bf4 $1 $11 31. Qd3 (31. Qxf4 $2 Qxc3 32. Kb1 Ra8 $19) 31... Bc6 32. Rxf7 Rxf7 33. Nxf7 Qxf7+ 34. Re6 Bd7) 31. Kb1 Bf4 {[%emt 0:00:50] [#]} (31... Qc6 $142 32. Rxf7 Qa4) 32. Qa2 $3 {[%emt 0:00:50][%cal Oa2a8][%mdl 512] White wants to mate with Qxa8+!} Be5 (32... Ba6 33. Ne4) 33. Rxe5 Qxe5 {[%emt 0:00:00] [#]} 34. Qxa8+ $3 {[%emt 0:00:00][%mdl 512] Weighted Error Value: White=0.34/Black=0.80} 1-0

[Event "Frauenbundesliga 2021-22"]
[Site "Germany"]
[Date "2022.05.25"]
[Round "9.11"]
[White "Brandt, Carina"]
[Black "Papp, Sarah"]
[Result "0-1"]
[ECO "C11"]
[WhiteElo "2061"]
[BlackElo "2305"]
[Annotator "TA"]
[PlyCount "94"]
[EventDate "2021.11.26"]
[EventType "team-tourn"]
[EventCountry "GER"]
[SourceTitle "playchess.com"]
[Source "ChessBase"]
[SourceQuality "1"]
[WhiteTeam "Hamburger SK"]
[BlackTeam "TuRa Harksheide"]
[WhiteTeamCountry "GER"]
[BlackTeamCountry "GER"]
[TimeControl "40/5400+30:1800+30"]

1. e4 e6 2. d4 d5 3. Nc3 Nf6 4. e5 Nfd7 5. f4 c5 6. Nf3 Nc6 7. Be3 Be7 8. Qd2 a6 9. Qf2 {[%emt 0:06:04] C11: French: Classical System: 4 e5 and 4 Bg5 dxe4.} c4 (9... f6 $11) 10. Be2 $14 b5 {[%emt 0:00:29] [#]} 11. Bd1 $146 {[%emt 0:02:07][%cal Of4f5] White is slightly better.} ({Predecessor:} 11. O-O O-O 12. f5 Nb6 13. Qg3 Kh8 14. f6 gxf6 15. Qh4 Rg8 16. Qh5 Bd7 17. exf6 Bxf6 18. Qxf7 {0-1 (26) Egorova,E (2092)-Gudkina,Z (1739) St Petersburg 2010}) 11... b4 12. Ne2 f5 13. exf6 Nxf6 14. Ne5 Nxe5 15. dxe5 Ng4 16. Qf3 Nxe3 17. Qxe3 O-O 18. c3 Rb8 19. Bc2 bxc3 20. bxc3 Rb2 21. Kd2 {[%emt 0:05:24] [#]} ({Better is} 21. Nd4 $1 $15) 21... Qa5 $2 (21... d4 $1 $19 22. Qxd4 Qc7) 22. Rhb1 $1 $11 Rxb1 {[%emt 0:07:41] Really sharp!} (22... Rxa2 23. Rxa2 Qxa2 24. Rb8 $16) 23. Rxb1 Bc5 ({Don't do} 23... Qxa2 24. Rb8 Bd7 25. Rb7 $16) 24. Qh3 g6 $36 {[%emt 0:13:32][%mdl 2048] Threatens to win with ...d4. Black fights for an advantage.} (24... Qxa2 $2 25. Qxh7+ Kf7 26. Rb8 $18) 25. Kd1 Kg7 (25... Qxa2 $6 26. Qg3 $17) 26. g4 (26. Qg3 $11) 26... Qc7 ({And not} 26... Kg8 27. f5 $15) 27. Qg3 Qa7 28. f5 $2 (28. a4 $17 {is tougher.}) 28... exf5 $19 29. e6 f4 30. Nxf4 Bd6 31. e7 $2 ({But not} 31. Nh5+ $2 gxh5 32. Qe1 hxg4 $19) (31. Bf5 gxf5 32. Nh5+ Kg8 33. Qxd6 Qg1+ 34. Kc2 Qf2+ 35. Kc1 Qe3+ 36. Kb2 fxg4 37. Rc1 Qxe6 38. Qxe6+ Bxe6 39. Ng3) 31... Qxe7 32. Nxd5 Bxg3 {[%emt 0:02:11][%csl Gg3][%cal Re7e1] [#]} 33. Nxe7 Bxg4+ 34. Kc1 Bf4+ {[%emt 0:01:11] This bishop pair is nice.} 35. Kb2 Rb8+ 36. Ka1 Rxb1+ 37. Kxb1 Bxh2 {[%emt 0:00:05][%mdl 4096] Endgame KBB-KBN} 38. Be4 Kf6 39. Nd5+ Ke5 40. Bg2 h5 41. Nb4 Bf5+ 42. Kb2 h4 43. Nxa6 h3 44. Bf1 Bg1 45. Nb4 {[%emt 0:00:00] Black mates.} h2 46. Nc6+ Kf4 47. Bg2 Be4 {[%emt 0:00:00] Weighted Error Value: White=0.79/Black=0.15 (very precise)} 0-1

[Event "Frauenbundesliga 2021-22"]
[Site "Germany"]
[Date "2022.05.25"]
[Round "9.12"]
[White "Genova, Lyubka"]
[Black "Rosmait, Emily"]
[Result "1-0"]
[ECO "C46"]
[WhiteElo "2225"]
[BlackElo "1896"]
[Annotator "TA"]
[PlyCount "57"]
[EventDate "2021.11.26"]
[EventType "team-tourn"]
[EventCountry "GER"]
[SourceTitle "playchess.com"]
[Source "ChessBase"]
[SourceQuality "1"]
[WhiteTeam "Hamburger SK"]
[BlackTeam "TuRa Harksheide"]
[WhiteTeamCountry "BUL"]
[BlackTeamCountry "GER"]
[TimeControl "40/5400+30:1800+30"]

1. e4 e5 2. Nf3 Nc6 3. Nc3 Bc5 4. Nxe5 Nxe5 5. d4 Bd6 6. dxe5 Bxe5 7. Qd3 d6 {[%emt 0:06:54] [#] C46: 3 Nc3: Unusual Black 3rd moves.} (7... Nf6 $11 {keeps the balance.}) 8. g3 $146 ({Predecessor:} 8. Bd2 Nf6 9. f3 O-O 10. O-O-O a6 11. g4 Bd7 12. h4 Bc6 13. Nd5 Bxd5 14. exd5 c5 15. f4 {1-0 (37) Belenkaya,D (2287)-Bulmaga,I (2394) Valjevo 2018}) 8... Nf6 9. Bg2 O-O {[%emt 0:03:59] White is slightly better.} 10. O-O Nd7 11. Be3 (11. f4 $5 Bf6 12. Be3 $14) 11... Nb6 ({Black should play} 11... Nc5 $14 12. Qd2 Re8) 12. f4 $16 Bf6 13. Rad1 {[%emt 0:00:28] White is more active.} Be6 14. b3 {[%emt 0:00:19] Against Bc4} Qe7 15. Nb5 Rfd8 16. c4 a6 17. Nc3 Bxc3 18. Qxc3 c5 $2 (18... Bg4 $16) 19. f5 $18 Bd7 20. f6 Qe6 (20... gxf6 {was necessary.} 21. Rxf6 (21. Qxf6 Qxf6 22. Rxf6 Be6 $18) 21... Bg4) 21. fxg7 {[%emt 0:00:18] [#] Hoping for Qa5.} Bc6 22. Rf6 {[%emt 0:07:02][%cal Bf1f6,Bf6h6,Bh6h7][%mdl 32] Chess con chili.} Qe7 23. Bf4 Nc8 $2 (23... Nd7) 24. Bg5 {[%emt 0:04:41] A strong pair of Bishops.} Qe8 25. Rdf1 Rd7 26. Qf3 {[%emt 0:01:38] And now Bh3 would win.} b5 27. Rh6 {[%emt 0:01:12] White wants to mate with Qf5.} Qe5 28. Bf6 Qe8 {[%emt 0:00:19] [#]} 29. Rxh7 $3 {[%emt 0:00:24][%mdl 512] White took control after the opening.  Weighted Error Value: White=0.21 (precise) /Black=0.85} 1-0

[Event "Frauenbundesliga 2021-22"]
[Site "Germany"]
[Date "2022.05.25"]
[Round "9.13"]
[White "Klek, Hanna Marie"]
[Black "Abdumalik, Zhansaya"]
[Result "1/2-1/2"]
[ECO "B33"]
[WhiteElo "2362"]
[BlackElo "2489"]
[Annotator "TA"]
[PlyCount "93"]
[EventDate "2021.11.26"]
[EventType "team-tourn"]
[EventCountry "GER"]
[SourceTitle "playchess.com"]
[Source "ChessBase"]
[SourceQuality "1"]
[WhiteTeam "Schachfreunde Deizisau"]
[BlackTeam "OSG Baden-Baden"]
[WhiteTeamCountry "GER"]
[BlackTeamCountry "KAZ"]
[TimeControl "40/5400+30:1800+30"]

1. e4 c5 2. Nf3 Nc6 3. d4 cxd4 4. Nxd4 Nf6 5. Nc3 e5 6. Ndb5 d6 7. Bg5 a6 8. Na3 b5 9. Nd5 Be7 10. Bxf6 Bxf6 11. c3 Bg5 12. Nc2 Ne7 13. h4 {[%emt 0:00:24] B33: Sicilian: Pelikan and Sveshnikov Variations.} Bh6 14. a4 bxa4 15. Ncb4 {[%emt 0:02:46][%cal Of1a6] Pair of Knights!} O-O 16. Qxa4 Nxd5 17. Nxd5 a5 18. Bb5 Be6 19. Bc6 Rb8 20. b3 Kh8 {[%emt 0:04:19] [#]} 21. Qc4 $146 (21. b4 $11) ({Predecessor:} 21. g3 Bg4 22. O-O Bf3 23. Rfe1 Qc8 24. Bd7 Qb7 25. b4 axb4 26. cxb4 f5 27. Qc6 {0-1 (49) Volokitin,A (2645)-Timofeev,A (2662) Lugo 2006}) 21... f5 $17 22. exf5 Rxf5 23. g3 {[%emt 0:01:34] Against Rf4} (23. O-O $17) 23... Rc8 $19 24. Qa6 e4 25. c4 Rf3 {[%emt 0:07:48] Strongly threatening ...Qf8.} 26. O-O {[%emt 0:04:12] [#]} Bh3 $2 (26... Rxb3 27. Rfb1 Rxb1+ 28. Rxb1 $17) (26... Qf8 $1 $19 {And now ...Bh3 would win.} 27. Qb7 Bh3) 27. Rfe1 $11 Rxf2 28. Rxe4 (28. Kxf2 Qf8+ 29. Nf4 (29. Kg1 $2 Qf3 $19) 29... Bxf4 30. Bxe4 (30. gxf4 $2 Qxf4+ 31. Kg1 Qg3+ 32. Kh1 Qg2#) 30... d5 $19) 28... Rf8 (28... Rg2+ 29. Kh1 Rxg3 30. Re8+ Qxe8 31. Bxe8 Rxe8 32. Qc6 $14 (32. Qxd6 Rxb3 33. Nc7 Reb8 $11) (32. Qxa5 Rg4 $11)) 29. Re7 {[%emt 0:05:48] Hoping for Rae1.} Rb8 30. Bb5 Ra8 31. Qb7 Rb8 32. Qa7 Qc8 {[%emt 0:02:00][%cal Ob8b5] [#] White must now prevent ...Rxb5!} 33. Qd4 (33. Kh2 $14) 33... Qg4 34. Qxg4 {[%emt 0:02:05] Really sharp! Active counter play!} Bxg4 35. Rxa5 Bf3 (35... Rf3 $11) 36. Ba4 Bd2 37. Ra6 Bxd5 38. cxd5 h5 39. Kg2 ({Don't play} 39. Rxd6 Bb4 40. Rde6 Bc5+ 41. Kh1 Rf1+ 42. Kg2 Rf2+ 43. Kh3 Bxe7 44. Rxe7 Rd2 $17) 39... Rf5 ({Better is} 39... Bb4 $14) 40. Re8+ $16 ({And not} 40. Rxd6 Bb4 41. Ree6 Bxd6 42. Rxd6 Rbf8 $17) 40... Rxe8 41. Bxe8 {[%emt 0:30:06][%mdl 4096] Endgame Threatens to win with Bg6. KRB-KRB} g5 42. Rxd6 gxh4 43. gxh4 Be1 44. Rd8 (44. Rh6+ $16 Kg7 45. Rg6+ (45. Rxh5 Rxh5 46. Bxh5 Bxh4 $11) 45... Kf8 46. Re6 Bxh4 47. Bc6) 44... Bxh4 $11 {[%emt 0:00:00] The position is equal.} 45. Rb8 {[%emt 0:00:00] Threatening mate with Bg6+.} Rxd5 46. Bf7+ Rd8 47. Rxd8+ {[%emt 0:00:00] Weighted Error Value: White=0.18 (very precise) /Black=0.12 (very precise)} 1/2-1/2

[Event "Frauenbundesliga 2021-22"]
[Site "Germany"]
[Date "2022.05.25"]
[Round "9.14"]
[White "Paehtz, Elisabeth"]
[Black "Schleining, Zoya"]
[Result "1/2-1/2"]
[ECO "B11"]
[WhiteElo "2497"]
[BlackElo "2329"]
[Annotator "TA"]
[PlyCount "51"]
[EventDate "2021.11.26"]
[EventType "team-tourn"]
[EventCountry "GER"]
[SourceTitle "playchess.com"]
[Source "ChessBase"]
[SourceQuality "1"]
[WhiteTeam "OSG Baden-Baden"]
[BlackTeam "Schachfreunde Deizisau"]
[WhiteTeamCountry "GER"]
[BlackTeamCountry "GER"]
[TimeControl "40/5400+30:1800+30"]

1. e4 c6 2. Nf3 d5 3. Nc3 dxe4 4. Nxe4 Nf6 5. Qe2 Bf5 6. Nxf6+ {[%emt 0:03:14] B11: Caro-Kann: Two Knights Variation.} gxf6 7. d3 $1 {[%emt 0:00:52] 7.d3 is better than 7.d4.} Nd7 8. g3 {[%emt 0:04:39] White is slightly better.} Ne5 9. Nh4 Bg4 10. f3 {[%emt 0:01:13] [#]} Be6 $146 ({Predecessor:} 10... Bc8 11. Bd2 Ng6 12. Nxg6 hxg6 13. Bc3 Be6 14. Bg2 Qd6 15. f4 O-O-O 16. O-O-O Bg7 {1-0 (49) Fenil,S (2384)-Mahalakshmi,M (2185) Paracin 2019}) 11. Bd2 Qb6 12. Bc3 O-O-O 13. f4 Bd5 {[%emt 0:13:10] [#] Threatens to win with ...Nxd3+.} 14. Bg2 Nd7 15. a4 e6 16. a5 Qb5 17. O-O Bxg2 18. Kxg2 a6 19. Nf3 h5 20. Qe4 Be7 (20... Rg8 $11) 21. Qc4 {[%emt 0:11:00] White is more active.} (21. f5 $14) 21... Qxc4 22. dxc4 Rhg8 23. f5 Rg4 24. b3 Rdg8 25. Rfe1 e5 26. Kh3 {[%emt 0:01:19] Prevents h4.  Weighted Error Value: White=0.15 (very precise) /Black=0.15 (very precise)} 1/2-1/2